 Dungeon Crawl Stone Soup version 0.27.1 (webtiles) character file.

Game seed: 5450724757893832466

35 a11behringer the Bolt Thrower (level 3, -1/30 HPs)
             Began as a Minotaur Hunter on Aug 21, 2021.
             Frozen to death by an endoplasm (5 damage)
             ... on level 2 of the Dungeon.
             The game lasted 00:08:03 (821 turns).

a11behringer the Bolt Thrower (Minotaur Hunter)      Turns: 821, Time: 00:08:04

Health: -1/30      AC:  3    Str: 17    XL:     3   Next: 17%
Magic:  2/2        EV: 11    Int:  8    God:
Gold:   50         SH:  0    Dex: 10    Spells: 2/2 levels left

rFire    . . .     SeeInvis .   b - +0 short sword
rCold    . . .     Faith    .   (no shield)
rNeg     . . .     Spirit   .   c - +0 leather armour
rPois    .         Reflect  .   (helmet restricted)
rElec    .         Harm     .   (no cloak)
rCorr    .         Rampage  .   (no gloves)
Will     .....                  (no boots)
Stlth    +.........             (no amulet)
HPRegen  0.10/turn              (no ring)
MPRegen  0.08/turn              (no ring)

@: no status effects
A: horns 2, retaliatory headbutt
a: no special abilities


You were on level 2 of the Dungeon.
You visited 1 branch of the dungeon, and saw 2 of its levels.

You collected 50 gold pieces.

Inventory:

Hand Weapons
 a - a +1 hand crossbow
 b - a +0 short sword (weapon)
Missiles
 d - 16 bolts
Armour
 c - a +0 leather armour (worn)
Magical Staves
 h - a staff of cold
Scrolls
 e - a scroll of teleportation {unknown}
 f - a scroll of fear {unknown}
 g - a scroll of magic mapping {unknown}
 i - a scroll of brand weapon {unknown}
 j - a scroll of identify {unknown}
 k - a scroll of summoning {unknown}


   Skills:
 + Level 2.8 Fighting
 + Level 0.4 Short Blades
 + Level 5.3 Crossbows
 + Level 2.3 Dodging
 + Level 0.7 Stealth


You had 2 spell levels left.
You didn't know any spells.
Your spell library was empty.

Dungeon Overview and Level Annotations

Branches:
Dungeon (2/15)

Altars:
Ru


Innate Abilities, Weirdness & Mutations

You have a pair of horns on your head.
You reflexively headbutt those who attack you in melee.


Message History

The orc misses you.
You barely miss the orc.
The orc is severely wounded.
The orc hits you but does no damage.
You hit the orc but do no damage.
The orc is severely wounded.
The orc hits you with a +0 falchion.
You barely miss the orc.
The orc is severely wounded.
The orc hits you with a +0 falchion.
You barely miss the orc.
The orc is severely wounded.
The orc hits you with a +0 falchion.
You completely miss the orc.
The orc is severely wounded.
The orc hits you with a +0 falchion.
* * * LOW HITPOINT WARNING * * *
You hit the orc.
You kill the orc!
You hit the ball python but do no damage.
The ball python bites you but does no damage.
The ball python grabs you. The ball python constricts you.
The ball python bites you.
* * * LOW HITPOINT WARNING * * *
The ball python constricts you.
You puncture the ball python!
You kill the ball python!
Items here: ( )) [ †††.
Okay, then.
There is a stone staircase leading up, spattered with blood here.
Found a stone staircase leading up.
Found a bubbling sapphire potion.
The endoplasm freezes you.
You are frozen.
* * * LOW HITPOINT WARNING * * *
You hit the endoplasm. Your headbutt misses the endoplasm.
The endoplasm is heavily wounded.
The endoplasm freezes you.
You are frozen.
You die...

#! ####. .... #
... #. #.. #. #<.
#.### . #..#####
.≈.≈#≈. #...@J.#
..≈≈..≈
##.###.###.≈≈≈.≈.
#. #......≈≈≈≈.
.. #<##.≈≈≈≈≈≈≈
### #)###≈..≈#≈.
#.# ≈≈.≈.≈. #.#
.♣#≈..# ####(...#
l≈ ≈≈.# #)J#S...#
.. .≈#


You could see an endoplasm.

Vanquished Creatures
  A dart slug (D:1)
  An orc (D:2)
  5 ball pythons
  An endoplasm (D:1)
  A giant cockroach (D:1)
  3 goblins (D:1)
  3 hobgoblins
  4 quokkas (D:1)
  3 bats
  A frilled lizard (D:2)
  5 kobolds
  2 rats (D:1)
30 creatures vanquished.

Notes
Turn   | Place    | Note
-------+----------+-------------------------------------------
     0 | D:1      | a11behringer the Minotaur Hunter began the quest for the
                  | Orb.
     0 | D:1      | Reached XP level 1. HP: 18/18 MP: 0/0
   117 | D:1      | Reached XP level 2. HP: 21/25 MP: 1/1
   208 | D:1      | Found a faded altar of an unknown god.
   252 | D:1      | Became a worshipper of Ru the Awakened
   262 | D:1      | Reached skill level 5 in Crossbows
   271 | D:1      | Fell from the grace of Ru
   793 | D:2      | Reached XP level 3. HP: 30/30 MP: 2/2
   821 | D:2      | Frozen to death by an endoplasm

Illustrated notes

Levels and vault maps discovered:
D:1:      lemuel_arrival_behind_the_door_large, layout_loops_ring,
          hellmonk_ecumenical_altar_lost_god, minmay_parallelograms
D:2:      layout_loops_ring, nrook_campfire, chequers_serial_rivers_marsh,
          minmay_hexomino_c4, uniq_robin

Skill      XL: |  1  2 |
---------------+-------+-----
Crossbows      | 5 |  5.3
Fighting       | |  2.8
Short Blades   | |  0.4
Dodging        | |  2.3
Stealth        | |  0.7

Action                   || total
-------------------------++-------
Melee: Short sword       ||    47
       Headbutt          ||     7
 Fire: Hand crossbow     ||    27
Invok: Renounce Religion ||     1
Armor: Leather armour    ||    15
Dodge: Dodged            ||    26
